 Dungeon Crawl Stone Soup version 0.30.0-5-g1a98f26d00 (webtiles) character file.

Game seed: 14654851093391369391

92862 jasper the Stormcaller (level 16, -8/76 (93) HPs)
             Began as a Tengu Air Elementalist on May 9, 2023.
             Was an Elder of Sif Muna.
             Killed by an exploding ball lightning (27 damage)
             ... on level 14 of the Dungeon.
             The game lasted 01:03:46 (37300 turns).

jasper the Stormcaller (Tengu Air Elementalist)    Turns: 37300, Time: 01:03:47

HP:   -8/76 (93)    AC:  7    Str:  9    XL:     16   Next: 7%
MP:   18/34         EV: 23    Int: 30    God:    Sif Muna [****..]
Gold: 1342          SH:  6    Dex: 14    Spells: 1/42 levels left

rFire   . . .        T - staff of conjuration
rCold   + . .        L - +1 buckler {rC+}
rNeg    + . .        X - +2 robe {Archmagi}
rPois   .            (helmet restricted)
rElec   .            U - +1 cloak of Starlight {*Dazzle EV+4 Stlth--}
rCorr   .            S - +0 pair of gloves {hurl}
SInv    .            (boots unavailable)
Will    +....        n - amulet of faith Stlth
                     h - ring of positive energy
HPRegen 0.32/turn    Z - +6 ring of intelligence
MPRegen 0.24/turn

%: faith, archmagi
@: lethally poisoned (-8 -> -17), flying quickly and evasively, studying Unarmed
Combat, heavily drained, quick
A: beak, talons 3, nimble flight
a: Renounce Religion, Channel Magic, Forget Spell, Divine Exegesis


You were on level 14 of the Dungeon.
You worshipped Sif Muna.
Sif Muna was greatly pleased with you.
You visited 3 branches of the dungeon, and saw 21 of its levels.
You also visited: Bailey and Gauntlet.

You collected 3629 gold pieces.
You spent 2287 gold pieces at shops.

Inventory:

Missiles
 b - a throwing net
Armour
 E - the +0 robe of Noon {rF++}
   (You took it off an orc wizard on level 9 of the Dungeon)

   rF:        It greatly protects you from fire.
 L - a +1 buckler of cold resistance (worn)
 S - a +0 pair of gloves of hurling (worn)
 U - the +1 cloak of Starlight (worn) {*Dazzle EV+4 Stlth--}
   (You found it in a Gauntlet)

   *Dazzle:   It may blind those who miss an attack against the wearer in melee
   combat.
   EV:        It affects your evasion (+4).
   Stlth:     It makes you much less stealthy.
 X - a +2 robe of the Archmagi (worn)
Magical Staves
 B - a staff of air
 I - the staff of conjuration "Funuiqou" {Drain rN+ Dex+3}
   (You took it off a kobold demonologist on level 12 of the Dungeon)

   [staff of conjuration]

   Base accuracy: +5 Base damage: 5 Base attack delay: 1.2 This weapon's minimum
   attack delay (0.6) is reached at skill level 12.
   Dex:       It affects your dexterity (+3).
   rN:        It protects you from negative energy.
   Drain:     It drains your maximum health when unequipped.
   It falls into the 'Staves' category.
   It is a one-handed weapon.
 T - a staff of conjuration (weapon)
Jewellery
 d - a ring of protection from fire
 f - the ring of the Ladybird {rF+ rC- Str+7 Int+3}
   (You found it in a Gauntlet)

   [ring of protection from fire]

   Str:       It affects your strength (+7).
   Int:       It affects your intelligence (+3).
   rF:        It protects you from fire.
   rC:        It makes you vulnerable to cold.
 h - a ring of positive energy (left hand)
 l - a ring of positive energy
 n - an amulet of faith (around neck)
 p - an amulet of regeneration
 r - a ring of protection from fire
 s - a ring of protection from cold
 x - the macabre finger necklace {Finger+ rN+}
   (You took it off an orc warrior on level 12 of the Dungeon)

   [amulet of nothing]

   Finger+:   It enables you to equip an extra ring.
   rN:        It protects you from negative energy.
 C - a ring of protection from fire
 Y - a ring of see invisible
 Z - a +6 ring of intelligence (right hand)
Wands
 y - a wand of mindburst (9)
 Q - a wand of roots (19)
Scrolls
 e - 5 scrolls of poison
 i - 5 scrolls of vulnerability
 j - a scroll of magic mapping
 o - 3 scrolls of amnesia
 t - 3 scrolls of immolation
 u - 10 scrolls of enchant weapon
 v - a scroll of fear
 w - 6 scrolls of enchant armour
 z - 11 scrolls of teleportation
 A - 6 scrolls of fog
 F - a scroll of silence
 G - 2 scrolls of torment
 K - a scroll of butterflies
 M - a scroll of blinking
 V - 11 scrolls of identify
Potions
 c - 2 potions of lignification
 g - 2 potions of brilliance
 k - 2 potions of mutation
 m - a potion of magic
 D - 3 potions of heal wounds
 H - 2 potions of ambrosia
 J - 6 potions of resistance
 N - 3 potions of cancellation
 O - 2 potions of invisibility
 P - 2 potions of haste
 R - 3 potions of might
 W - 2 potions of curing
Miscellaneous
 a - a phantom mirror (inert)


   Skills:
 - Level 8.3 Fighting
 - Level 9.5 Dodging
 - Level 2.0 Stealth
 - Level 4.1 Shields
 + Level 13.9 Spellcasting
 - Level 10.0 Conjurations
 - Level 2.0 Ice Magic
 - Level 17.1 Air Magic
 - Level 9.2 Poison Magic
 - Level 10.3 Invocations


You had one spell level left.
You knew the following spells:

 Your Spells              Type           Power      Damage    Failure   Level
a - Conjure Ball Lightni  Conj/Air       62%        3x3d22    1%          6
c - Swiftness             Air            100%       N/A       0%          3
d - Airstrike             Air            55%        2d(8-24)  1%          4
e - Olgreb's Toxic Radia  Pois           86%        N/A       1%          4
f - Arcjolt               Conj/Air       62%        1d72      1%          5
g - Mephitic Cloud        Conj/Pois/Air  100%       N/A       1%          3
h - Freezing Cloud        Conj/Ice/Air   54%        6-21      1%          5
i - Apportation           Tloc           62%        N/A       3%          1
j - Blink                 Tloc           62%        N/A       5%          2
k - Maxwell's Capacitive  Air            55%        ∞         21%         8

Your spell library contained the following spells:

 Spells                   Type           Power      Damage    Failure   Level
 Shock                    Conj/Air       100%       1d9       0%          1
 Foxfire                  Conj/Fire      100%       2x1d9     1%          1
 Freeze                   Ice            100%       1d10      1%          1
 Kiss of Death            Conj/Necr      100%       2d13      1%          1
 Magic Dart               Conj           100%       1d8       1%          1
 Sting                    Tmut/Pois      100%       1d8       1%          1
 Beastly Appendage        Tmut           62%        N/A       3%          1
 Sandblast                Erth           62%        2d14      3%          1
 Summon Small Mammal      Summ           100%       N/A       3%          1
 Cigotuvi's Dreadful Rot  Necr/Pois/Air  100%       N/A       1%          2
 Momentum Strike          Conj/Tloc      100%       3d10      1%          2
 Poisonous Vapours        Pois/Air       100%       N/A       1%          2
 Static Discharge         Conj/Air       100%       2-7/arc   1%          2
 Spider Form              Tmut/Pois      64%        N/A       1%          3
 Stone Arrow              Conj/Erth      100%       3d13      1%          3
 Vhi's Electric Charge    Tloc/Air       100%       N/A       1%          3
 Summon Lightning Spire   Summ/Air       83%        N/A       1%          4
 Iskenderun's Battlesphe  Conj           100%       2d15      1%          5
 Ensorcelled Hibernation  Hex/Ice        80%        N/A       3%          2
 Flame Wave               Conj/Fire      85%        2d18      4%          4
 Iskenderun's Mystic Bla  Conj/Tloc      85%        2d17      4%          4
 Sticky Flame             Conj/Fire      85%        2d10      4%          4
 Call Imp                 Summ           62%        N/A       5%          2
 Lesser Beckoning         Tloc           62%        N/A       5%          2
 Passwall                 Tmut/Erth      25%        N/A       5%          2
 Sublimation of Blood     Necr           31%        N/A       5%          2
 Wereblood                Tmut           31%        N/A       5%          2
 Call Canine Familiar     Summ           31%        N/A       11%         3
 Confusing Touch          Hex            31%        N/A       11%         3
 Gell's Gravitas          Tloc           31%        N/A       11%         3
 Inner Flame              Hex/Fire       31%        N/A       11%         3
 Summon Guardian Golem    Hex/Summ       31%        N/A       11%         3
 Vampiric Draining        Necr           31%        2d8       11%         3
 Fireball                 Conj/Fire      42%        3d17      12%         5
 Plasma Beam              Fire/Air       41%        2x1d60    16%         6
 Ice Form                 Ice/Tmut       40%        N/A       22%         4
 Summon Ice Beast         Ice/Summ       40%        N/A       22%         4
 Anguish                  Hex/Necr       15%        N/A       34%         4
 Animate Armour           Summ/Erth      62%        N/A       34%         4
 Cause Fear               Hex            15%        N/A       34%         4
 Dispel Undead            Necr           31%        3d14      34%         4
 Leda's Liquefaction      Hex/Erth       15%        N/A       34%         4
 Orb of Destruction       Conj           55%        9d14      43%         7
 Summon Mana Viper        Hex/Summ       31%        N/A       67%         5
 Yara's Violent Unravell  Hex/Tmut       15%        3d8       67%         5
 Simulacrum               Ice/Necr       20%        N/A       98%         6
 Death Channel            Necr           15%        N/A       99%         6
 Dragon Form              Tmut           15%        N/A       100%        7
 Enfeeble                 Hex            15%        N/A       100%        7
 Haunt                    Necr/Summ      15%        N/A       100%        7
 Monstrous Menagerie      Summ           15%        N/A       100%        7
 Summon Hydra             Summ           15%        N/A       100%        7
 Lehudib's Crystal Spear  Conj/Erth      42%        10d10     100%        8
 Dragon's Call            Summ           15%        N/A       100%        9
 Fire Storm               Conj/Fire      42%        8d11      100%        9


Dungeon Overview and Level Annotations

Branches:
Dungeon (14/15)            Temple (0/1) D:6            Lair (5/5) D:8
 Shoals (0/4) Lair:3       Spider (0/4) Lair:3        Slime (0/5) Lair:5
    Orc (2/2) D:12            Elf (0/3) Orc:2        Vaults (0/5) D:13
 Bailey (visited)         Gauntlet (visited)

Altars:
Ashenzari
Dithmenos
Elyvilon
Hepliaklqana
Makhleb
Okawaru
Sif Muna
Trog
Wu Jian
Zin
The Shining One

Shops:
D:9 :[[   D:10 *   D:12 *   D:13 =   Orc:2 :[?=*?

Annotations:
D:12 2 transporters, collin38's ghost, journeyman MiBe
Lair:1 1 runed translucent door, Rupert


Innate Abilities, Weirdness & Mutations

You have a beak for a mouth.
You have claws for feet.
Your magical nature lets you fly swiftly and evasively.


Message History

The green ugly thing is engulfed in freezing vapours. x2
The green ugly thing headbutts you but does no damage.
You take 5 damage, and have 69/76 hp.
You now have 29/34 mp.
You feel a strong surge of power!
You feel very sick.
The green ugly thing is engulfed in freezing vapours. x2
The green ugly thing completely misses you.
The green ugly thing is engulfed in freezing vapours. x2
The green ugly thing closely misses you.
You take 4 damage, and have 65/76 hp.
You now have 24/34 mp.
You feel a strong surge of power! That beam is likely to hit you.
Continue anyway?
Okay, then.
Casting: Freezing Cloud (dangerous; 1% risk of failure)
Confirm with . or Enter, or press ? or * to list all spells.
You feel a strong surge of power!
You create some ball lightning! 3 ball lightnings come into view.
You feel very sick.
The green ugly thing is engulfed in freezing vapours. x4
The green ugly thing completely misses you.
The boulder beetle is engulfed in freezing vapours.
The green ugly thing completely misses you.
You take 4 damage, and have 61/76 hp.
You now have 18/34 mp.
You feel sick.
Your ball lightning explodes!
The blast of lightning engulfs the boulder beetle!!!
The boulder beetle is severely wounded.
The blast of lightning engulfs your ball lightning.
Your ball lightning completely resists.
The blast of lightning engulfs the green ugly thing!!!
You kill the green ugly thing!
Sif Muna accepts your kill.
The blast of lightning engulfs the green ugly thing!!
The green ugly thing is almost dead.
The blast of lightning engulfs you!!!
Ouch! That really hurt!
* * * LOW HITPOINT WARNING * * *
Your ball lightning explodes!
The blast of lightning engulfs you!!
You die...

.......#.##..........#
.......# #.^........#
.......# ...§§§.§...#
.......# #..§§§§§...#
.......# #..§§§§B...#
.......# #...§*u....#
.......# #....uuu...#
##.##### ####.# #..#
#..@.# ##.# #.####
###.#### ####.#####
.......# #.....>..#
.......####........#
...................#
.......####........#
######## ##########


You could see a boulder beetle and a green ugly thing.

Vanquished Creatures
  A tengu reaver (D:12)
  Donald (Orc:2)
  A minotaur (Gauntlet)
  The ghost of olmar the Bludgeoner, a journeyman GrFi of Okawaru (D:13)
  Snorg (Orc:1)
  A fire dragon (Lair:5)
  4 hydras
  A rakshasa (D:11)
  An ogre mage (D:13)
  2 catoblepae (Lair:5)
  A centaur warrior (D:13)
  5 two-headed ogres
  4 boulder beetles (D:12)
  6 death yaks
  A deep troll earth mage (D:12)
  3 skysharks
  A fire crab (Gauntlet)
  2 glowing orange brains (Gauntlet)
  7 lindwurms
  6 orc knights
  A deep elf pyromancer (D:12)
  Pikel (D:6)
  2 necromancers
  4 cyclopes
  6 ugly things
  2 orc sorcerers
  5 manticores
  2 elephants (Lair:5)
  Maurice (Orc:1)
  3 black mambas
  6 torpor snails (Lair:5)
  10 cane toads
  2 gargoyles
  2 kobold demonologists
  4 rime drakes
  4 unseen horrors
  5 komodo dragons
  A yaktaur (D:12)
  An efreet (D:13)
  An unseen horror zombie (D:10)
  4 tyrant leeches (Lair:5)
  10 trolls
  3 meliai (D:14)
  5 polar bears
  9 hornets
  7 blink frogs (Lair:1)
  6 dream sheep
  A slime creature (D:12)
  5 shadows
  3 vampires
  A human (Lair:1)
  3 wyverns
  59 yaks
  8 wraiths
  2 fire bats (Gauntlet)
  4 basilisks
  5 vampire mosquitoes
  A steam dragon (D:8)
  3 wargs
  7 acid dragons
  7 water moccasins
  Duvessa (D:7)
  44 orc warriors
  4 black bears
  2 ice beasts (D:7)
  2 sky beasts (D:8)
  8 ogres
  30 centaurs
  13 wolves
  3 lemures (D:6)
  A phantom (D:5)
  2 kobold brigands
  8 bullfrogs
  A gnoll sergeant (D:12)
  10 scorpions
  14 wights
  Dowan (D:7)
  9 killer bees
  10 howler monkeys
  3 centaur zombies (D:10)
  2 hounds (D:6)
  6 jellies
  18 orc priests
  3 gnoll boudas
  Jessica (D:2)
  Ijyb (D:5)
  5 iguanas
  3 sleepcaps
  Natasha (thrice) (D:3)
  16 orc wizards
  26 gnolls
  9 adders
  15 white imps
  2 ufetubi
  6 worms
  3 dart slugs
  84 orcs
  7 ball pythons
  2 endoplasms
  6 giant cockroaches
  6 goblins
  11 hobgoblins
  3 jackals (D:1)
  15 kobolds
  A quokka (D:1)
  6 bats
  4 frilled lizards
  5 rats (D:2)
701 creatures vanquished.

Vanquished Creatures (others)
  3 ball lightnings (D:14)
3 creatures vanquished.

Grand Total: 704 creatures vanquished

Notes
Turn   | Place    | Note
-------+----------+-------------------------------------------
     0 | D:1      | jasper the Tengu Air Elementalist began the quest for the
                  | Orb.
     0 | D:1      | Reached XP level 1. HP: 10/10 MP: 4/4
    68 | D:1      | Reached XP level 2. HP: 6/15 MP: 0/6
   589 | D:1      | Reached XP level 3. HP: 19/19 MP: 3/7
  1316 | D:1      | Reached skill level 5 in Air Magic
  1371 | D:2      | Found a glowing silver altar of Zin.
  1426 | D:2      | Found a faded altar of an unknown god.
  1455 | D:2      | Prayed at the altar of an unknown god.
  1455 | D:2      | Became a worshipper of Sif Muna the Loreminder
  1455 | D:2      | Reached * piety under Sif Muna
  1860 | D:2      | Noticed Jessica
  1876 | D:2      | Killed Jessica
  1877 | D:2      | Reached XP level 4. HP: 17/24 MP: 2/8
  1910 | D:2      | Learned a level 2 spell: Static Discharge
  1914 | D:2      | Learned a level 3 spell: Swiftness
  2469 | D:2      | Reached skill level 6 in Air Magic
  2469 | D:2      | Gained mutation: Your magical nature lets you fly swiftly
                  | and evasively. [Tengu growth]
  2469 | D:2      | Reached XP level 5. HP: 5/28 MP: 1/9
  2581 | D:3      | Noticed Natasha
  2590 | D:3      | Killed Natasha
  2917 | D:3      | Noticed Natasha
  2978 | D:3      | Killed Natasha
  2979 | D:3      | Reached skill level 1 in Shields
  2979 | D:3      | Reached skill level 5 in Conjurations
  3109 | D:3      | Noticed Natasha
  3116 | D:3      | Killed Natasha
  3116 | D:3      | Reached ** piety under Sif Muna
  3196 | D:3      | Found a glowing golden altar of the Shining One.
  3550 | D:4      | Reached XP level 6. HP: 6/32 MP: 0/10
  4299 | D:4      | Noticed a black bear
  4304 | D:4      | Killed a black bear
  4305 | D:4      | Reached XP level 7. HP: 37/37 MP: 5/11
  4452 | D:4      | Learned a level 4 spell: Airstrike
  4463 | D:5      | Entered Level 5 of the Dungeon
  4463 | D:5      | You are sucked into a shaft and drop 1 floor!
  4463 | D:6      | Found an ornate altar of the Wu Jian Council.
  4610 | D:5      | Reached skill level 1 in Fighting
  4726 | D:5      | Reached skill level 7 in Air Magic
  4726 | D:5      | Reached skill level 1 in Invocations
  4938 | D:5      | Noticed Ijyb
  4945 | D:5      | Killed Ijyb
  5155 | D:5      | Reached XP level 8. HP: 41/44 MP: 3/12
  5167 | D:5      | Reached skill level 8 in Air Magic
  5470 | D:5      | Reached *** piety under Sif Muna
  5768 | D:5      | Found a hazy altar of Hepliaklqana.
  5771 | D:5      | Found an iron altar of Okawaru.
  6156 | D:6      | Found a burning altar of Makhleb.
  6159 | D:6      | Identified a scroll of acquirement
  6162 | D:6      | Acquired 797 gold pieces
  6193 | D:6      | Reached skill level 9 in Air Magic
  6273 | D:6      | Found a staircase to the Ecumenical Temple.
  6601 | D:6      | Reached XP level 9. HP: 51/51 MP: 8/13
  6873 | D:6      | Reached skill level 5 in Dodging
  6877 | D:6      | Reached skill level 10 in Air Magic
  6884 | D:6      | Noticed Pikel
  6897 | D:6      | Killed Pikel
  7255 | D:7      | Reached **** piety under Sif Muna
  7342 | D:7      | Noticed Duvessa
  7343 | D:7      | Noticed Dowan
  7344 | D:7      | Killed Duvessa
  7345 | D:7      | Killed Dowan
  7346 | D:7      | Reached skill level 11 in Air Magic
  7743 | D:7      | Reached skill level 5 in Fighting
  7881 | D:7      | Reached XP level 10. HP: 59/59 MP: 10/14
  8269 | D:7      | Reached skill level 12 in Air Magic
  8621 | D:7      | Reached skill level 5 in Invocations
  9731 | D:8      | Found a white marble altar of Elyvilon.
  9807 | D:8      | Reached ***** piety under Sif Muna
  9918 | D:8      | Received a gift from Sif Muna
  9925 | D:8      | Got Sif Muna's Compendium of Mercurial Iniquitous Secrets
                  | {god gift}
 10192 | D:8      | Found a staircase to the Lair.
 10399 | D:9      | Found a broken altar of Ashenzari.
 10607 | D:9      | HP: 2/59 [/static electricity (2)]
 10609 | D:9      | Found a flagged portal.
 10620 | D:9      | HP: 1/59 [yak (10)]
 10653 | Bailey   | Entered a bailey
 11144 | Bailey   | Noticed an orc knight
 11200 | Bailey   | Killed an orc knight
 11201 | Bailey   | Reached XP level 11. HP: 64/64 MP: 2/18
 11430 | Bailey   | Learned a level 4 spell: Olgreb's Toxic Radiance
 11487 | Bailey   | Noticed an orc knight
 11498 | Bailey   | Killed an orc knight
 11499 | Bailey   | Reached XP level 12. HP: 68/68 MP: 10/19
 11641 | D:9      | Found a glowing silver altar of Zin.
 11708 | D:9      | Found Bihosh's Antique Armour Shoppe.
 11711 | D:9      | Bought a glowing cloak for 232 gold pieces
 11770 | D:9      | Found a bloodstained altar of Trog.
 12029 | D:9      | Found Ecawn's Antique Armour Boutique.
 12035 | D:9      | Identified the +0 robe of Noon {rF++}
 12047 | D:9      | Bought a shiny buckler for 210 gold pieces
 12047 | D:9      | Bought a pair of runed gloves for 210 gold pieces
 12478 | D:9      | Found Dekk's Book Shoppe.
 12494 | D:9      | Bought Udwick's Compendium of Fulgurous Poison for 420 gold
                  | pieces
 12500 | D:9      | Learned a level 5 spell: Arcjolt
 12635 | D:10     | Entered Level 10 of the Dungeon
 13032 | D:10     | HP: 1/68 [wraith (8)]
 13659 | D:10     | Paralysed by a hornet for 2 turns
 13662 | D:10     | Reached skill level 13 in Air Magic
 14256 | D:11     | Identified the +1 leather armour "Jilygele" {rElec rPois
                  | Str+2 Int+2}
 14780 | D:11     | Noticed a two-headed ogre
 14782 | D:11     | Reached skill level 5 in Spellcasting
 14845 | D:11     | Killed a two-headed ogre
 15047 | D:12     | Found Loofufac's General Store.
 15069 | D:12     | Found a transporter.
 15079 | D:12     | Learned a level 3 spell: Mephitic Cloud
 15085 | D:12     | Noticed a two-headed ogre
 15088 | D:12     | Noticed a boulder beetle
 15135 | D:12     | Killed a two-headed ogre
 15285 | D:12     | Noticed a boulder beetle
 15293 | D:12     | Noticed collin38's ghost (journeyman MiBe)
 16305 | D:11     | Received a gift from Sif Muna
 16306 | D:11     | Got Seef Won's Incunable of the Translocated Glacier {god
                  | gift}
 16324 | D:11     | Reached XP level 13. HP: 45/74 MP: 15/23
 16328 | D:11     | Reached skill level 14 in Air Magic
 16749 | D:10     | Found a shadowy altar of Dithmenos.
 17632 | D:10     | Found Diezxaetri's General Store.
 17640 | D:10     | Bought a potion of curing for 33 gold pieces
 17794 | Lair:1   | Entered Level 1 of the Lair of Beasts
 19262 | Lair:1   | Found a runed translucent door.
 19565 | Lair:1   | Noticed Rupert
 19946 | Lair:2   | Reached skill level 15 in Air Magic
 21541 | Lair:3   | Received a gift from Sif Muna
 21542 | Lair:3   | Got Gujiotaa's Catalogue of Subzero Sciomancy {god gift}
 21654 | Lair:3   | Found a hole to the Spider Nest.
 22241 | Lair:3   | Found a staircase to the Shoals.
 22484 | Lair:4   | Reached XP level 14. HP: 73/82 MP: 11/25
 22508 | Lair:4   | Learned a level 5 spell: Freezing Cloud
 22683 | Lair:4   | Reached skill level 1 in Ice Magic
 22994 | Lair:4   | Reached skill level 10 in Conjurations
 23556 | Lair:4   | Reached skill level 16 in Air Magic
 24719 | D:12     | Reached skill level 10 in Invocations
 25152 | D:12     | Received a gift from Sif Muna
 25153 | D:12     | Got Sif Muna's Papyrus of Translocational Aeromancy {god
                  | gift}
 25574 | D:12     | Noticed a tengu reaver
 25585 | D:12     | Killed a tengu reaver
 26333 | D:12     | Found a transporter.
 26386 | D:12     | Found a staircase to the Orcish Mines.
 26759 | D:12     | Identified the staff of conjuration "Funuiqou" {Drain rN+
                  | Dex+3}
 26763 | D:12     | HP: 1/84 [constriction (5)]
 26768 | D:12     | Reached skill level 17 in Air Magic
 27341 | Orc:1    | Entered Level 1 of the Orcish Mines
 27351 | Orc:1    | Noticed Snorg
 27364 | Orc:1    | Killed Snorg
 27857 | Orc:1    | You are sucked into a shaft and drop 1 floor!
 27857 | Orc:2    | Entered Level 2 of the Orcish Mines
 28300 | Orc:2    | Noticed Donald
 28312 | Orc:2    | Killed Donald
 28643 | Orc:2    | Received a gift from Sif Muna
 28644 | Orc:2    | Got Sif Muna's Writings on Solid Breath {god gift}
 28646 | Orc:2    | Reached XP level 15. HP: 81/88 MP: 16/29
 29049 | Orc:2    | Found Baowasog's Magic Scroll Shoppe.
 29058 | Orc:2    | Bought a scroll of teleportation for 48 gold pieces
 29058 | Orc:2    | Bought a scroll of teleportation for 48 gold pieces
 29058 | Orc:2    | Bought a scroll of fog for 64 gold pieces
 29144 | Orc:2    | Found Itul's Jewellery Emporium.
 29144 | Orc:2    | Found Jiuremn's Magic Scroll Boutique.
 29146 | Orc:2    | Found Odwaboed's Armour Shop.
 29148 | Orc:2    | Found Beawno's General Store.
 29153 | Orc:2    | Bought a scroll of fog for 64 gold pieces
 29153 | Orc:2    | Bought a scroll of teleportation for 48 gold pieces
 29153 | Orc:2    | Bought a scroll of teleportation for 48 gold pieces
 29153 | Orc:2    | Bought a scroll of fear for 64 gold pieces
 29165 | Orc:2    | Bought a scroll of teleportation for 42 gold pieces
 29334 | Orc:2    | Found Wukhlefo's Book Shop.
 29338 | Orc:2    | Bought a book of Spatial Translocations for 252 gold pieces
 29340 | Orc:2    | Learned a level 1 spell: Apportation
 29343 | Orc:2    | Learned a level 2 spell: Blink
 29610 | Orc:2    | Found a staircase to the Elven Halls.
 30295 | Orc:1    | Noticed Maurice
 30301 | Orc:1    | Killed Maurice
 30768 | Lair:5   | Entered Level 5 of the Lair of Beasts
 31391 | Lair:5   | Reached skill level 10 in Spellcasting
 31816 | Lair:5   | Found a staircase to the Slime Pits.
 32884 | Lair:5   | Found a runed translucent door.
 33098 | Lair:5   | Received a gift from Sif Muna
 33656 | Lair:5   | Learned a level 8 spell: Maxwell's Capacitive Coupling
 34486 | D:13     | Found a gate leading to a gauntlet.
 34515 | Gauntlet | Entered a Gauntlet
 34515 | Gauntlet | Found a transporter.
 34515 | Gauntlet | Found a transporter.
 34615 | Gauntlet | Found a transporter.
 34615 | Gauntlet | Found a transporter.
 34615 | Gauntlet | Found a transporter.
 34625 | Gauntlet | Found a transporter.
 34629 | Gauntlet | Found a transporter.
 34639 | Gauntlet | Found the +1 cloak of Starlight {*Dazzle EV+4 Stlth--}
 34641 | Gauntlet | Found a transporter.
 34650 | Gauntlet | Found a transporter.
 34668 | Gauntlet | Found a transporter.
 34672 | Gauntlet | Found a transporter.
 34686 | Gauntlet | Found a transporter.
 35139 | Gauntlet | Identified the ring of the Ladybird {rF+ rC- Str+7 Int+3}
 35204 | Gauntlet | Identified the staff of earth "Luepus" {rC+ Str+2}
 35488 | Gauntlet | Got Dithoeqo's Compilation of the Dragon
 35593 | Gauntlet | Identified the +1 shortbow "Voutsaj" {drain, +Blink}
 36011 | D:13     | Found a gate to the Vaults.
 36238 | D:13     | Found a large runed translucent door.
 36238 | D:13     | Found a large runed translucent door.
 36240 | D:13     | Noticed olmar's ghost (journeyman GrFi)
 36325 | D:13     | Reached XP level 16. HP: 93/93 MP: 25/34
 36407 | D:13     | Killed olmar's ghost
 36520 | D:13     | Learned a level 6 spell: Conjure Ball Lightning
 36879 | D:13     | Found Serioc's Jewellery Emporium.
 36887 | D:13     | Bought a +6 ring of intelligence for 504 gold pieces
 37300 | D:14     | Killed by an exploding ball lightning

Illustrated notes

Levels and vault maps discovered:
D:1:      elethiomel_arrival_infinity_welcomes_careful_drivers, layout_basic
D:2:      cheibrodos_old_hovel, layout_basic, basic_altar,
          hellmonk_ecumenical_altar_inner_sanctum, minmay_bisected, uniq_jessica
D:3:      layout_loops_ring, general_overflow_altar, uniq_natasha
D:4:      layout_basic, kennysheep_generic_room_12
D:5:      layout_rooms, minitemple, kennysheep_potato, uniq_ijyb
D:6:      layout_loops_cross, mainiacjoe_overflow_24_doors,
          nzn_wu_jian_council_hall, minmay_temple_entry_glass,
          kennysheep_generic_room_8, uniq_pikel
D:7:      minmay_chambers_of_fours, layout_rooms, grunt_ministairs_2,
          due_unseen_surprise, uniq_duvessa
D:8:      layout_rooms, mainiacjoe_overflow_six_doors_small, lair_entry_dummy
D:9:      layout_loops_ring, kennysheep_mini, zin_statuary,
          evilmike_ruin_ashenzari, serial_shops, nicolae_shop_back_alley_shop,
          nicolae_shop_real_fake_doors, shop_coins, enter_bailey_6
D:10:     layout_grid_maze, nicolae_dithmenos_through_a_glass_darkly,
          serial_shops, nicolae_diamond_shop, serial_undead, serial_undead_f,
          serial_undead_f, serial_undead_a, serial_undead_b, centaur_isle
D:11:     minmay_four_partial_circles, layout_layer_cave,
          portal_ice_cave_entry_imps
D:12:     nzn_winding_woodlands_large [nzn_winding_woodlands_5x5_open_star,
          nzn_winding_woodlands_5x15_concentric,
          nzn_winding_woodlands_5x5_three,
          nzn_winding_woodlands_center_diamonds,
          nzn_winding_woodlands_15x15_five_gardens,
          nzn_winding_woodlands_center_triple_pond,
          nzn_winding_woodlands_hourglass, nzn_winding_woodlands_5x15_longhouse,
          nzn_winding_woodlands_5x5_checkerboard], layout_loops_ring,
          orc_0_dummy, serial_shops, shop, gammafunk_ghost_arena
D:13:     layout_loops_corners, david_vaults_2, ebering_ghost_disaster_area,
          gauntlet_entry_generic, nrook_mini_backslash,
          hangedman_abyss_or_decor_lesser_grid, hangedman_abyss_or_decor_slice,
          minmay_shop_enchanted_jewellery
D:14:     layout_roguey, serial_shops, nicolae_shop_behind_doors, laboratory
Lair:1:   layout_small_grid, serial_bayou_ford_a, pdpol_lair_cabin_in_the_woods,
          lemuel_fruit_tree, grunt_megastairs_3, serial_bayou_shore_a
Lair:2:   layout_loops_ring, beast_lair_carwin_10
Lair:3:   layout_cave_pods, elwin_shoals_entry_rooms,
          nicolae_spider_entry_non_spiders, minivault_11
Lair:4:   layout_cave_shapes, minmay_lindwurm_lava
Lair:5:   hangedman_lair_in_review, layout_small_grid, wormcave,
          nicolae_slime_entry_field_trip
Orc:1:    layout_caves, lightli_volcano_entry_magma_tube, uniq_maurice,
          uniq_snorg
Orc:2:    st_orc_rangers, layout_diamond_mine, serial_shops,
          nicolae_shop_advertising_works [nicolae_subvault_shop_adworks],
          nicolae_shop_back_alley_shop, nicolae_orc_tapped_out, uniq_donald

Skill      XL: |  1  2  3  4  5  6  7  8  9 10 11 12 13 14 15 |
---------------+----------------------------------------------+-----
Conjurations   | 2 3 4 5 8 9 10 | 10.0
Air Magic      | 5 6 7 9 11 12 13 15 17 | 17.1
Shields        | 2 4 |  4.1
Fighting       | 2 3 5 7 8 |  8.3
Invocations    | 2 3 4 8 9 10 | 10.3
Dodging        | 3 4 6 7 8 9 |  9.5
Spellcasting   | 3 4 6 7 9 13 | 13.9
Poison Magic   | 9 |  9.2
Ice Magic      | 2 |  2.0
Stealth        | |  2.0

Action                     |  1- 3 |  4- 6 |  7- 9 | 10-12 | 13-15 | 16-18 || total
---------------------------+-------+-------+-------+-------+-------+-------++-------
  Melee: Unarmed           |     3 |       |       |       |       |       ||     3
         Kick              |     4 |     2 |    13 |    22 |    84 |       ||   125
         Whip              |     5 |       |       |       |       |       ||     5
         Trident           |       |     8 |    47 |    69 |    82 |       ||   206
         Peck              |       |     1 |    12 |    11 |    45 |       ||    69
         Staff             |       |       |       |       |    83 |     1 ||    84
   Cast: Shock             |    87 |    89 |   220 |   172 |    19 |       ||   587
         Static Discharge  |       |    11 |    21 |    52 |     1 |       ||    85
         Airstrike         |       |       |     8 |    84 |   108 |     4 ||   204
         Swiftness         |       |       |       |     3 |     1 |       ||     4
         Olgreb's Toxic Ra |       |       |       |    22 |   148 |     1 ||   171
         Arcjolt           |       |       |       |    14 |   109 |     1 ||   124
         Mephitic Cloud    |       |       |       |     1 |     2 |       ||     3
         Freezing Cloud    |       |       |       |       |   123 |     6 ||   129
         Blink             |       |       |       |       |     5 |     1 ||     6
         Maxwell's Capacit |       |       |       |       |     1 |     1 ||     2
         Conjure Ball Ligh |       |       |       |       |       |     2 ||     2
 Invoke: Channel Magic     |       |       |       |     1 |    10 |       ||    11
  Evoke: Wand              |       |       |    12 |    11 |     8 |       ||    31
         Phantom mirror    |       |       |       |       |     2 |       ||     2
    Use: Scroll            |     7 |     2 |    10 |     9 |     9 |     2 ||    39
         Potion            |       |     2 |       |    10 |     4 |     1 ||    17
 Armour: Robe              |     1 |     4 |     5 |    34 |    51 |     1 ||    96
         Skin              |       |       |       |    19 |    16 |       ||    35
  Dodge: Dodged            |    14 |    24 |    93 |   448 |   433 |    14 ||  1026
  Block: Buckler           |       |     2 |    24 |   115 |   144 |     1 ||   286
